 Dungeon Crawl Stone Soup version 0.16-a0-4083-g5af668b (webtiles) character file.

4225 timbw the Cleaver (level 10, -2/68 HPs)
             Began as a Vampire Fighter on Feb 23, 2015.
             Slain by a hill giant
             ... wielding a +0 giant spiked club
              (31 damage)
             ... on level 8 of the Dungeon.
             The game lasted 00:20:01 (4181 turns).

timbw the Cleaver (Vampire Fighter)                 Turns: 4181, Time: 00:20:01

Health: -2/68      AC: 12    Str: 18      XL:     10   Next: 9%
Magic:  10/10      EV: 10    Int: 10      God:
Gold:   270        SH:  0    Dex: 10 (13) Spells: 0 memorised, 9 levels left

rFire  . . .     SeeInvis +     j - +0 battleaxe
rCold  . . .     Clarity  .     k - +0 chain mail
rNeg   . . .     SustAb   .     (no shield)
rPois  .         Gourm    .     (no helmet)
rElec  .         Spirit   .     (no cloak)
rCorr  .         Warding  .     h - +0 pair of gloves
rMut   .         Stasis   .     (no boots)
MR     +....                    (no amulet)
Stlth  ..........               u - +3 ring of evasion
                                A - +3 ring of protection

@: very slightly contaminated, regenerating quickly, hasted, very quick,
somewhat resistant to hostile enchantments, extremely unstealthy
A: bottle blood, fangs 3, see invisible, unbreathing
a: no special abilities


You were on level 8 of the Dungeon.
You were very full.

You visited 2 branches of the dungeon, and saw 10 of its levels.

You collected 270 gold pieces.

Inventory:

Hand weapons
 a - a +1 war axe
 j - a +0 battleaxe (weapon)
 l - a +0 blowgun
Missiles
 m - 5 poisoned needles
 F - 4 javelins (quivered)
Armour
 b - a +0 scale mail
 c - a +0 shield
 h - a +0 pair of gloves (worn)
 k - a +0 chain mail (worn)
Jewellery
 g - a +5 ring of intelligence
 s - an uncursed ring of fire
 u - a +3 ring of evasion (right hand)
 y - an uncursed ring of teleportation
 A - a +3 ring of protection (left hand)
Magical devices
 f - a wand of draining (0)
 i - a wand of digging (19)
 q - a wand of fireball (4)
Scrolls
 d - 5 scrolls of identify
 e - a scroll of teleportation
 r - 2 scrolls of remove curse
 t - 2 scrolls of noise {unknown}
 v - 2 scrolls of random uselessness {unknown}
 C - 2 scrolls of fog {unknown}
 D - a scroll of recharging {unknown}
 G - a scroll of amnesia {unknown}
Potions
 n - a potion of agility
 o - a potion of poison
 z - a potion of brilliance {unknown}
 B - a potion of restore abilities {unknown}
 E - 2 potions of curing


   Skills:
 - Level 2.6 Fighting
 + Level 13.1 Axes
 - Level 2.4 Armour
 - Level 2.6 Shields


You had 9 spell levels left.
You didn't know any spells.

Dungeon Overview and Level Annotations

Branches:
Dungeon (9/15)             Temple (1/1) D:6
   Lair: D:8-11         Orc: D:9-12

Altars:
Ashenzari
Cheibriados
Dithmenos
Elyvilon
Fedhas
Gozag
Nemelex Xobeh
Okawaru
Ru
Sif Muna
Trog
Vehumet
Zin
The Shining One

Shops:
D:4 }   D:5 *(   D:9 !

Annotations:
D:6 timbw's ghost, experienced HuAE
D:9 Dowan


Innate Abilities, Weirdness & Mutations

Your natural rate of healing is unusually fast.
You can bottle blood from corpses.
You have razor-sharp teeth.
You have supernaturally acute eyesight.
You can survive without breathing.


Message History

It was a potion of curing.
You have identified the last healing potion.
You feel better.
The orc wizard points at you and mumbles some strange words.
You easily resist.
You hit the hill giant. You bite the hill giant.
The hill giant is lightly wounded.
You closely miss the orc wizard.
The orc wizard is heavily wounded.
The hill giant hits you with a giant spiked club!!
You hear a shout!
You hit the hill giant.
You bite the hill giant, but do no damage.
The hill giant is lightly wounded.
You slash the orc wizard!
You kill the orc wizard!
You slash the hill giant!
The hill giant is moderately wounded.
The hill giant hits you with a giant spiked club!!
You die...

#.# #.# #.# #.# #.# #.# #(#
#.# #.#####.####### #
#######.##.<....((..### ##
.C..>##.#.......###.#.## #.
####.#.....##.#(###....####
####.
#..........#.@C...............
##
###...#.##.#).###...###.######
.# ##.##.##.#..####.## # .#
#.......#.......# # #
#.##.##.##.####.# #
#.##รท##.##.# #.# # #
#.......##.# #.# ##.# #
####.#####.# #.# #.#.##
.#########.# #.# #.# ##..#.##


You could see a hill giant.

Vanquished Creatures
  A centaur warrior (D:8)
  Pikel (D:4)
  A two-headed ogre (D:6)
  Grinder (D:4)
  A hippogriff (D:8)
  A hungry ghost (D:7)
  A water moccasin (D:5)
  2 phantoms (D:8)
  2 ice beasts (D:7)
  A black bear (D:6)
  A sky beast (D:6)
  An orc warrior (D:6)
  An ogre (D:4)
  2 centaurs
  3 big kobolds
  Duvessa (D:9)
  2 giant frogs
  3 scorpions (D:8)
  A killer bee (D:8)
  A crimson imp (D:7)
  3 hounds
  A centaur zombie (D:7)
  4 orc priests
  A quasit (D:9)
  4 orc wizards
  A centaur skeleton (D:7)
  2 giant frog skeletons
  2 iguanas
  6 worker ants
  Ijyb (D:2)
  6 adders
  A giant mite (D:5)
  A worm (D:2)
  3 giant geckos
  3 oozes
  11 orcs
  9 bats
  A bat skeleton (D:4)
  A bat zombie (D:5)
  3 giant cockroaches
  12 goblins
  11 hobgoblins
  6 jackals
  4 quokkas
  A ball python skeleton (D:4)
  2 giant gecko skeletons
  A giant newt (D:2)
  32 kobolds
  6 rats
167 creatures vanquished.

Vanquished Creatures (others)
  A goblin (D:4)
  A kobold (D:8)
2 creatures vanquished.

Grand Total: 169 creatures vanquished

Notes
Turn   | Place    | Note
--------------------------------------------------------------
     0 | D:1      | timbw, the Vampire Fighter, began the quest for the Orb.
     0 | D:1      | Reached XP level 1. HP: 17/17 MP: 1/1
    81 | D:3      | Reached XP level 2. HP: 4/23 MP: 2/2
   127 | D:4      | Reached skill level 3 in Axes
   127 | D:4      | Reached XP level 3. HP: 14/28 MP: 3/3
   139 | D:4      | Found Ceopheom's Gadget Shop.
   163 | D:4      | Reached XP level 4. HP: 21/34 MP: 4/4
   181 | D:4      | Reached skill level 4 in Axes
   206 | D:4      | Noticed Grinder
   212 | D:4      | Paralysed by Grinder for 6 turns
   225 | D:4      | Paralysed by Grinder for 7 turns
   235 | D:5      | Entered Level 5 of the Dungeon
   272 | D:5      | Found a sparkling altar of Nemelex Xobeh.
   299 | D:5      | Found Kleehi's Antique Weapon Boutique.
   529 | D:5      | Found Myprasm's Serpentskin Sales.
   529 | D:5      | Noticed a water moccasin
   534 | D:5      | Killed a water moccasin
   534 | D:5      | Reached skill level 5 in Axes
   534 | D:5      | Reached XP level 5. HP: 25/39 MP: 5/5
   622 | D:6      | Noticed a sky beast
   630 | D:6      | Killed a sky beast
   630 | D:6      | Reached skill level 6 in Axes
   630 | D:6      | Reached XP level 6. HP: 43/46 MP: 6/6
   729 | D:6      | Noticed an orc warrior
   737 | D:6      | Killed an orc warrior
   747 | D:6      | Reached skill level 7 in Axes
   747 | D:6      | Reached XP level 7. HP: 3/51 MP: 7/7
   876 | D:6      | Noticed a black bear
   886 | D:6      | Killed a black bear
  1008 | D:6      | Noticed timbw's ghost (experienced HuAE)
  1176 | D:7      | Found a shadowy altar of Dithmenos.
  1246 | D:7      | Got a spiked large shield
  1258 | D:7      | Identified the cursed -5 large shield of Cirpha Fiuko {Int+2} (You found it on level 7 of the Dungeon)
  1398 | D:7      | Reached skill level 8 in Axes
  1554 | D:6      | Found a staircase to the Ecumenical Temple.
  1556 | D:6      | Noticed a two-headed ogre
  1601 | D:6      | Killed a two-headed ogre
  1601 | D:6      | Reached XP level 8. HP: 51/57 MP: 8/8
  1610 | Temple   | Entered the Ecumenical Temple
  1729 | D:5      | Reached skill level 9 in Axes
  1928 | D:4      | Found an iron altar of Okawaru.
  2083 | D:3      | Found a bloodstained altar of Trog.
  2177 | D:3      | Noticed an orc wizard
  2180 | D:3      | Noticed an orc wizard
  2189 | D:3      | Killed an orc wizard
  2197 | D:3      | Killed an orc wizard
  2347 | D:2      | Noticed Ijyb
  2371 | D:2      | Killed Ijyb
  2915 | D:1      | You fall through a shaft!
  2951 | D:2      | You fall through a shaft!
  3046 | D:4      | Paralysed by Grinder for 3 turns
  3056 | D:4      | Killed Grinder
  3056 | D:4      | Reached skill level 10 in Axes
  3160 | D:4      | Noticed an ogre
  3163 | D:4      | Killed an ogre
  3203 | D:4      | Noticed Pikel
  3203 | D:4      | Noticed a slave
  3203 | D:4      | Noticed a slave
  3203 | D:4      | Noticed a slave
  3203 | D:4      | Noticed a slave
  3219 | D:4      | Killed Pikel
  3219 | D:4      | Reached XP level 9. HP: 52/62 MP: 9/9
  3331 | D:6      | You fall through a shaft for 3 floors!
  3351 | D:9      | Reached skill level 11 in Axes
  3363 | D:9      | Noticed Duvessa
  3385 | D:9      | Killed Duvessa
  3395 | D:9      | Noticed Dowan
  3417 | D:9      | Found Kebon's Distillery.
  3511 | D:8      | Noticed a centaur warrior
  3545 | D:8      | Killed a centaur warrior
  3545 | D:8      | Reached skill level 12 in Axes
  3753 | D:7      | Reached XP level 10. HP: 54/68 MP: 10/10
  3969 | D:8      | Noticed a hill giant
  3990 | D:8      | Reached skill level 13 in Axes
  4181 | D:8      | Slain by a hill giant

Action                   |  1- 3 |  4- 6 |  7- 9 | 10-12 || total
-------------------------+-------+-------+-------+-------++-------
Melee: War axe           |    53 |    81 |   131 |       ||   265
       Battleaxe         |       |       |   287 |    71 ||   358
 Fire: Blowgun           |       |       |     5 |       ||     5
Throw: Throwing net      |       |     1 |     2 |       ||     3
Evoke: Wand              |       |    11 |       |       ||    11
  Use: Potion            |     4 |       |     5 |     4 ||    13
       Scroll            |       |     4 |     5 |       ||     9
 Stab: Held in net/web   |       |     1 |       |       ||     1
       Invisible         |       |       |     2 |     1 ||     3
  Eat: Corpse            |     2 |     7 |    19 |     3 ||    31
